 Dungeon Crawl Stone Soup version 0.25.1-8-g42b30a86e7 (webtiles) character file.

Game seed: 18061648472498479742

39 Gabide the Skirmisher (level 3, -1/29 HPs)
             Began as a Human Abyssal Knight on Dec 1, 2020.
             Was a Follower of Lugonu.
             Slain by a sky beast (6 damage)
             ... on level 2 of the Dungeon.
             The game lasted 00:03:05 (1358 turns).

Gabide the Skirmisher (Human Abyssal Knight)        Turns: 1358, Time: 00:03:05

Health: -1/29      AC:  6    Str: 13    XL:     3   Next: 70%
Magic:  4/4        EV: 11    Int: 12    God:    Lugonu [*.....]
Gold:   62         SH:  0    Dex: 12    Spells: 2/2 levels left

rFire    . . .     SeeInvis .   a - +1 mace
rCold    . . .     Gourm    .   (no shield)
rNeg     . . .     Faith    .   b - +0 leather armour
rPois    .         Spirit   .   d - +0 helmet
rElec    .         Reflect  .   (no cloak)
rCorr    .         Harm     .   j - +0 pair of gloves
MR       .....                  h - +0 pair of boots
Stlth    +.........             (no amulet)
HPRegen  0.09/turn              (no ring)
MPRegen  0.09/turn              (no ring)

@: very slightly contaminated, invisible
A: no striking features
a: Depart the Abyss, Renounce Religion


You were on level 2 of the Dungeon.
You worshipped Lugonu.
Lugonu was aware of your devotion.
You were not hungry.

You visited 1 branch of the dungeon, and saw 2 of its levels.
You visited the Abyss 1 time.

You collected 62 gold pieces.

Inventory:

Hand Weapons
 a - a +1 mace (weapon)
Armour
 b - a +0 leather armour (worn)
 d - a +0 helmet (worn)
 h - a +0 pair of boots (worn)
 j - a +0 pair of gloves (worn)
Scrolls
 i - a scroll of remove curse
Potions
 g - a potion of invisibility
Comestibles
 c - 3 rations
 f - a chunk of flesh


   Skills:
 + Level 3.4 Fighting
 * Level 2.7 Maces & Flails
 + Level 2.3 Armour
 * Level 1.4 Dodging
 + Level 2.0 Invocations


You had 2 spell levels left.
You didn't know any spells.
Your spell library was empty.

Dungeon Overview and Level Annotations

Branches:
Dungeon (2/15)

Altars:


Message History

The floor.
You feel better. The sky beast closely misses you.
You catch the helpless sky beast completely off-guard!
You sock the sky beast!
The sky beast is severely wounded.
The sky beast flickers out of sight!
Deactivating autopickup; reactivate with Ctrl-A.
Something hits you. Something shocks you.
* * * LOW HITPOINT WARNING * * *
A sky beast appears from thin air!
Reactivating autopickup.
You hit the sky beast.
The sky beast is severely wounded.
The sky beast closely misses you.
The sky beast flickers out of sight!
Deactivating autopickup; reactivate with Ctrl-A.
Something hits you but does no damage.
You barely miss something. Something hits you.
* * * LOW HITPOINT WARNING * * *
Something shocks you.
You die...

## ..# #.# #.# #.## ##
#.# #.#. .# #.# #.#.#.#
####.###.#...#
#####......#.##.##
.......).......#.#
#####.##.#..@{###†....#
####.##....÷..#......#
..............#....... .
.###.##.#....####.....##
..............#..#
.....#
.....###.##.#...##
.#.### .)....##.##.##.##
.#.# ......##.#...#.#
...............#


There were no monsters in sight!

Vanquished Creatures
  An adder (D:2)
  3 leopard geckos (D:1)
  A giant cockroach (D:1)
  2 goblins (D:1)
  4 hobgoblins (D:1)
  2 bats
  6 frilled lizards
  6 kobolds
  4 rats (D:1)
29 creatures vanquished.

Notes
Turn   | Place    | Note
-------+----------+-------------------------------------------
     0 | Abyss:1  | Gabide the Human Abyssal Knight began the quest for the
                  | Orb.
     0 | Abyss:1  | Reached XP level 1. HP: 18/18 MP: 2/2
     8 | Abyss:1  | Found a runed translucent door.
     8 | Abyss:1  | Noticed a demonic crawler
     8 | Abyss:1  | Noticed a demonic crawler
     9 | D:1      | Escaped the Abyss
   146 | D:1      | Reached XP level 2. HP: 24/24 MP: 3/3
   218 | D:1      | Reached * piety under Lugonu
   814 | D:1      | Reached XP level 3. HP: 25/29 MP: 4/4
  1342 | D:2      | Noticed a sky beast
  1358 | D:2      | Slain by a sky beast

Illustrated notes

Levels and vault maps discovered:
D:1:      minmay_arrival_up_and_down, layout_loops_corners, minmay_lizard_pond
D:2:      layout_loops_ring, nicolae_overflow_hidden_temple, first_ration

Action                   || total
-------------------------++-------
Melee: Mace              ||   106
Invok: Depart the Abyss  ||     1
  Use: Scroll            ||     5
       Potion            ||     2
 Stab: Invisible         ||     1
  Eat: Chunk             ||     2
Armor: Leather armour    ||    25
Dodge: Dodged            ||    68
